 Dungeon Crawl Stone Soup version 0.16-a0-282-ga87e286 (webtiles) character file.

44 Afay the Changer (level 3, -1/15 HPs)
             Began as a Felid Transmuter on Aug 27, 2014.
             Slain by an adder (5 damage)
             ... on Level 2 of the Dungeon.
             The game lasted 00:06:34 (2766 turns).

Afay the Changer (Felid Transmuter)                 Turns: 2766, Time: 00:06:35

HP  -1/15        AC  2     Str  6      XL: 3   Next: 41%
MP   6/8         EV 23     Int 15      God:
Gold 109         SH  0     Dex 21      Spells:  2 memorised,  2 levels left
Lives: 0, deaths: 1

rFire  . . .     SeeInvis +       - Unarmed
rCold  . . .     Clarity  .     (armour unavailable)
rNeg   . . .     rCorr    .     (shield unavailable)
rPois  x         rRot     .     (helmet unavailable)
rElec  .         Spirit   .     (cloak unavailable)
SustAb .         Warding  .     (gloves unavailable)
rMut   .         Stasis   .     (boots unavailable)
Gourm  .                        (no amulet)
MR     .....                    (no ring)
                                (no ring)

@: lethally poisoned, spider-form (expiring), very slightly contaminated, not
resistant to hostile enchantments, unstealthy
A: paw claws, no armour, no weapons or thrown items, (fangs 0), see invisible,
carnivore 3, (speed 0), (shaggy fur 0), slow metabolism 1, jump 1
a: Jump Attack, End Transformation


You were on level 2 of the Dungeon.
You were very full.
You were in spider-form.
You visited 1 branch of the dungeon, and saw 2 of its levels.

You collected 109 gold pieces.

Inventory:

Comestibles
 a - 4 meat rations
 m - a slice of pizza
Scrolls
 f - a scroll of immolation {unknown}
 i - a scroll of identify {unknown}
 l - 2 scrolls of remove curse {unknown}
 n - a scroll of fear {unknown}
 o - a scroll of blinking {unknown}
 r - 2 scrolls of noise {unknown}
Jewellery
 j - an uncursed ring of flight {unknown}
Potions
 c - a potion of curing {unknown}
 e - a potion of resistance {unknown}
 g - a potion of magic
 h - a potion of flight {unknown}
 k - 2 potions of restore abilities {unknown}
 p - a potion of agility {unknown}
Books
 d - a book of Changes

   Spells                             Type                      Level
   *Beastly Appendage                 Transmutation                1
   Sticks to Snakes                   Transmutation                2
   *Spider Form                       Transmutation/Poison         3
   Ice Form                           Ice/Transmutation            4
   Blade Hands                        Transmutation                5


   Skills:
 - Level 1.0 Fighting
 + Level 4.2 Dodging
 - Level 3.0 Unarmed Combat
 - Level 2.0 Spellcasting
 + Level 4.2 Transmutations
 + Level 0.3 Poison Magic


You had 2 spell levels left.
You knew the following spells:

 Your Spells              Type           Power        Failure   Level  Hunger
a - Beastly Appendage     Trmt           ##....       14%         1    #......
b - Spider Form           Trmt/Pois      #.........   52%         3    ####...


Dungeon Overview and Level Annotations

Branches:
Dungeon (2/15)

Altars:


Innate Abilities, Weirdness & Mutations

You cannot wear armour.
You are incapable of wielding weapons or throwing items.
((Your paws have sharp claws.))
((You have razor-sharp teeth.))
You have supernaturally acute eyesight.
You are carnivorous and can eat meat at any time.
((You cover ground quickly.))
((You are covered in fur (AC +1).))
You have a slow metabolism.
You can jump attack at a short distance.


Message History

Confirm with . or Enter, or press ? or * to list all spells.
You turn into a venomous arachnid creature.
You feel sick. The adder misses you.
You closely miss the adder.
The adder is severely wounded.
The adder completely misses you. The adder bites you.
You closely miss the adder.
The adder is severely wounded.
The adder bites you.
You are lethally poisoned!
The adder poisons you!
You closely miss the adder.
The adder is severely wounded.
Your transformation is almost over.
You feel sick. The adder closely misses you.
You closely miss the adder.
The adder is severely wounded.
* * * LOW HITPOINT WARNING * * *
You feel sick. The adder bites you.
You die...

.# #.##.##.### .#
######.##......#
.###..(....####.#.#
..##.......####.#.#
#.##............#.#
#.##.......######.####
#.##.......##........#
<.##.......##..##.#..#
####.......##..#s.#..# #
####.#####..#S##..# #######.#
#...g....#
.<......########.############
##########.......<...#......#
...#.........#...#.#.#.####.#
...#.......#.#..###..#.####.#
.......##..#...## ##.....##.#####
##.#..###..###..###....#......%..


You could see an adder (bleeding) and a goblin.

Vanquished Creatures
  An adder (D:2)
  A giant mite (D:1)
  A worm (D:2)
  3 giant geckos
  A ball python (D:1)
  10 bats
  2 giant cockroaches
  9 goblins
  5 hobgoblins
  11 jackals
  3 giant newts
  6 kobolds
  9 rats
62 creatures vanquished.

Notes
Turn   | Place    | Note
--------------------------------------------------------------
     0 | D:1      | Afay, the Felid Transmuter, began the quest for the Orb.
     0 | D:1      | Reached XP level 1. HP: 9/9 MP: 4/4
   447 | D:1      | Reached XP level 2. HP: 10/12 MP: 3/5
   893 | D:1      | Reached XP level 3. HP: 15/15 MP: 8/8
   898 | D:1      | Learned a level 3 spell: Spider Form
   967 | D:1      | Reached skill level 4 in Transmutations
  1928 | D:2      | Reached XP level 4. HP: 1/19 MP: 7/10
  2327 | D:2      | Succumbed to an adder's poison
  2328 | D:2      | Reached XP level 3. HP: 0/15 MP: 5/8
  2766 | D:2      | Slain by an adder

Action                   |  1- 3 |  4- 6 || total
-------------------------+-------+-------++-------
Melee: Unarmed           |   157 |    24 ||   181
 Cast: Beastly Appendage |     7 |     1 ||     8
       Spider Form       |     7 |     3 ||    10
  Use: Potion            |     2 |       ||     2
 Stab: Sleeping          |     4 |     1 ||     5
  Eat: Chunk             |     7 |     5 ||    12
